 Dungeon Crawl Stone Soup version 0.27.1-16-g815e20cd7a (webtiles) character file.

Game seed: 8125537326989780381

23 Descartes the Grasshopper (level 2, 0/13 HPs)
             Began as a Felid Warper on Nov 23, 2021.
             Slain by an adder (5 damage)
             ... on level 1 of the Dungeon.
             The game lasted 00:05:48 (2712 turns).

Descartes the Grasshopper (Felid Warper)            Turns: 2712, Time: 00:05:49

Health: 0/13       AC:  1    Str:  7    XL:     2   Next: 72%
Magic:  6/6        EV: 18    Int: 14    God:
Gold:   67         SH:  0    Dex: 15    Spells: 5/5 levels left
                                        Lives:  0   Deaths: 0

rFire    . . .     SeeInvis +     - Unarmed
rCold    . . .     Faith    .   (shield unavailable)
rNeg     . . .     Spirit   .   (armour unavailable)
rPois    .         Reflect  .   (helmet unavailable)
rElec    .         Harm     .   (cloak unavailable)
rCorr    .         Rampage  .   (gloves unavailable)
Will     .....                  (boots unavailable)
Stlth    ++........             (no amulet)
HPRegen  0.04/turn              (no ring)
MPRegen  0.10/turn              (no ring)

@: quick
A: very small, claws 1, fangs 3, see invisible, speed 1, shaggy fur 1, stealthy
paws, no weapons or thrown items, no armour, multi-lived
a: no special abilities


You were on level 1 of the Dungeon.
You visited 1 branch of the dungeon, and saw 2 of its levels.

You collected 67 gold pieces.

Inventory:

Missiles
 d - 42 stones
Jewellery
 c - a ring of ice
Scrolls
 a - a scroll of blinking
 e - a scroll of enchant armour {unknown}
 g - a scroll of silence {unknown}
 i - a scroll of teleportation {unknown}
Potions
 b - a potion of haste {unknown}
 f - a potion of curing {unknown}
 h - a potion of mutation {unknown}


   Skills:
 - Level 2.0 Fighting
 * Level 3.9 Dodging
 + Level 1.3 Stealth
 + Level 2.3 Unarmed Combat
 - Level 2.0 Spellcasting
 + Level 4.7 Translocations


You had 5 spell levels left.
You didn't know any spells.
Your spell library contained the following spells:

 Spells                   Type           Power      Damage    Failure   Level
 Blink                    Tloc           N/A        N/A       4%          2
 Gell's Gravitas          Tloc           7%         N/A       10%         3
 Lesser Beckoning         Tloc           7%         N/A       10%         3
 Teleport Other           Tloc           14%        N/A       10%         3
 Manifold Assault         Tloc           14%        N/A       67%         5


Dungeon Overview and Level Annotations

Branches:
Dungeon (2/15)

Altars:

Shops:
D:1 (!=(


Innate Abilities, Weirdness & Mutations

You have sharp claws.
You have razor-sharp teeth.
You have supernaturally acute eyesight. (SInv)
You cover ground quickly. (Speed+)
You are covered in fur. (AC +1)
Your paws help you pounce on unaware monsters.
You are incapable of wielding weapons or throwing items.
You cannot wear armour.
You gain extra lives every three experience levels.


Message History

The adder hisses angrily.
You completely miss the adder skeleton. Your bite misses the adder skeleton.
The adder skeleton is moderately damaged.
The adder skeleton bites you. The adder closely misses you.
The adder skeleton closely misses you.
You barely miss the adder skeleton.
The adder skeleton is moderately damaged.
The adder misses you. The adder skeleton closely misses you.
You barely miss the adder skeleton.
The adder skeleton is moderately damaged.
The adder misses you.
The adder skeleton completely misses you.
The adder completely misses you.
You scratch the adder skeleton.
The adder skeleton is heavily damaged.
The adder misses you. The adder skeleton closely misses you.
You barely miss the adder skeleton.
The adder skeleton is heavily damaged.
The adder bites you. The adder skeleton barely misses you.
You scratch the adder skeleton but do no damage.
The adder skeleton is heavily damaged.
The adder misses you. The adder skeleton bites you.
You are too injured to fight recklessly!
The adder closely misses you. The adder closely misses you.
You see here a ball python skeleton.
There is a stone staircase leading up, spattered with blood here.
The adder completely misses you.
You climb upwards.
There is a stone staircase leading down here.
You scratch the adder but do no damage. The adder completely misses you.
The adder closely misses you.
You barely miss the adder. The adder closely misses you.
You scratch the adder.
The adder is heavily wounded.
The adder misses you.
You scratch the adder.
The adder is almost dead.
The adder bites you.
You die...

### ### ### #.# #.# #.# #.# #.#
##.# #.# #.# ## ##..########.###
#.# .# #..............# #.# ##
#...########.#.#######.######
#####........###.#...............
................@S..........####.
#####)..##.#.#.#.#.#.#####..# #K
###...##.#.#.#.#.#.#####..## #.
#..........................# #.
###..........................# #.
....#...##.##................###.
..#.#...##.##..#...........K.....
≈.#.#..............#..#.###..###.
§≈#.#.................#.# #..# #.


You could see an adder.

Vanquished Creatures
  A dart slug (D:1)
  An endoplasm (D:2)
  4 hobgoblins
  4 kobolds
  A quokka (D:2)
  A ball python (D:2)
  4 bats
  A goblin (D:1)
  4 rats
21 creatures vanquished.

Notes
Turn   | Place    | Note
-------+----------+-------------------------------------------
     0 | D:1      | Descartes the Felid Warper began the quest for the Orb.
     0 | D:1      | Reached XP level 1. HP: 9/9 MP: 4/4
    19 | D:1      | Found Ikues's Antique Weapon Emporium.
   564 | D:1      | Found Zorot's Distillery.
   617 | D:1      | Found Pucsayxeja's Jewellery Emporium.
   683 | D:1      | Reached skill level 1 in Stealth
   683 | D:1      | Reached XP level 2. HP: 9/13 MP: 6/6
  1275 | D:1      | Found a faded altar of an unknown god.
  1285 | D:1      | Found Ruammoheo's Antique Weapon Emporium.
  1377 | D:1      | Found a faded altar of an unknown god.
  1425 | D:1      | Found Ikues's Antique Weapon Emporium.
  1635 | D:1      | Found Pucsayxeja's Jewellery Emporium.
  1886 | D:1      | Found Ruammoheo's Antique Weapon Emporium.
  2712 | D:1      | Slain by an adder

Illustrated notes

Levels and vault maps discovered:
D:1:      giann_horns, layout_basic, serial_shops, nicolae_diamond_shop,
          nicolae_shop_waterfront, nicolae_square_shop, nicolae_shop_waterfront,
          basic_ecumenical_altar
D:2:      layout_basic, minmay_indecisive_spiral

Skill      XL: |  1 |
---------------+----+-----
Stealth        | 1 |  1.3
Fighting       | |  2.0
Dodging        | |  3.9
Unarmed Combat | |  2.3
Spellcasting   | |  2.0
Translocations | |  4.7

Action                   || total
-------------------------++-------
Melee: Unarmed           ||    95
       Bite              ||     8
       Punch             ||     1
Armor: Skin              ||     8
Dodge: Dodged            ||   104
